 Dungeon Crawl Stone Soup version 0.23.2-1-ga50397a (webtiles) character file.

Game seed: 17581469957680945040

46 MalarOregon the Grave Robber (level 3, 0/26 HPs)
             Began as a Ghoul Necromancer on May 26, 2019.
             Slain by a worm (8 damage)
             ... on level 2 of the Dungeon.
             The game lasted 00:01:46 (791 turns).

MalarOregon the Grave Robber (Ghoul Necromancer)     Turns: 791, Time: 00:01:47

Health: 0/26       AC:  2    Str: 11    XL:     3   Next: 68%
Magic:  0/5        EV: 12    Int: 11    God:
Gold:   90         SH:  0    Dex:  9    Spells: 6/7 levels left

rFire    + . .     SeeInvis .   i - +1 short sword (drain)
rCold    . . .     Gourm    .   (no shield)
rNeg     + + +     Faith    .   a - +0 robe
rPois    ∞         Spirit   .   (no helmet)
rElec    .         Reflect  .   (no cloak)
rCorr    .         Harm     .   (no gloves)
MR       .....                  (no boots)
Stlth    ++........             (no amulet)
HPRegen  0.00/turn              m - ring of fire
MPRegen  0.09/turn              (no ring)

@: rotting
A: rotting body, claws 1, carnivore, cold resistance 1, negative energy
resistance 3, inhibited regeneration, torment resistance, unbreathing
a: no special abilities


You were on level 2 of the Dungeon.
You were not hungry.

You visited 1 branch of the dungeon, and saw 2 of its levels.

You collected 90 gold pieces.

Inventory:

Hand Weapons
 i - a +1 short sword of draining (weapon)
   (You found it on level 1 of the Dungeon)
Armour
 a - a +0 robe (worn)
Jewellery
 m - a ring of fire (left claw)
   (You found it on level 2 of the Dungeon)
Scrolls
 b - a scroll of remove curse {unknown}
 f - a scroll of identify {unknown}
 k - 3 scrolls of fog {unknown}
 l - 2 scrolls of teleportation {unknown}
Potions
 c - 4 potions of curing {unknown}
 d - a potion of might {unknown}
 g - a potion of ambrosia {unknown}
 h - 2 potions of haste {unknown}
Comestibles
 e - 3 rations {!d}
 j - 6 chunks of flesh


   Skills:
 - Level 1.7 Dodging
 - Level 2.1 Stealth
 + Level 2.6 Spellcasting
 + Level 4.6 Necromancy


You had 6 spell levels left.
You knew the following spells:

 Your Spells              Type           Power        Failure   Level  Hunger
a - Pain                  Necr           ##..         4%          1    ##.....

Your spell library contained the following spells:

 Spells                   Type           Power        Failure   Level  Hunger
 Animate Skeleton         Necr           N/A          4%          1    ##.....
 Vampiric Draining        Necr           ##........   12%         3    ####...
 Regeneration             Chrm/Necr      #.........   30%         3    ####...
 Animate Dead             Necr           N/A          36%         4    #####..


Dungeon Overview and Level Annotations

Branches:
Dungeon (2/15)

Altars:


Innate Abilities, Weirdness & Mutations

Your body is rotting away.
You thrive on raw meat.
You are immune to poison.
You have sharp fingernails.
You are carnivorous and can eat meat at any time.
Your flesh is cold resistant. (rC+)
You are immune to negative energy. (rN+++)
You do not regenerate when monsters are visible.
You are immune to unholy pain and torment.
You can survive without breathing.


Message History

Things that are here:
a +0 club; a hobgoblin corpse You butcher the hobgoblin corpse.
j - 6 chunks of flesh (gained 3)
Things that are here:
a +0 club; a hobgoblin skeleton
Things that are here:
a +0 club; a hobgoblin skeleton Your magical contamination has completely faded away.
You now have 90 gold pieces (gained 11).
c - 3 bubbling cyan potions (gained 2)
l - 2 scrolls labeled CENEYDGH ITIUCS (gained 1)
c - 4 bubbling cyan potions (gained 1)
m - a blackened emerald ring Put on which piece of jewellery? (? for menu, Esc to quit)
You feel more attuned to fire.
m - a ring of fire (left claw)
There is an open door here.
Found a ration.
A dart slug comes into view.
Aim: a dart slug (chance to defeat MR: 80%)
The dart slug writhes in agony.
Aim: a dart slug (severely wounded, clinging, chance to defeat MR: 80%)
The dart slug writhes in agony.
You kill the dart slug!
Found a robe.
Found a stone staircase leading down.
e - 3 rations {!d} (gained 1)
A worm comes into view.
A worm is nearby!
A worm is nearby!
A worm is nearby!
Aim: a worm (resting, chance to defeat MR: 73%)
The worm writhes in agony.
Aim: a worm (lightly wounded, chance to defeat MR: 73%)
The worm writhes in agony.
Aim: a worm (lightly wounded, chance to defeat MR: 73%)
The worm writhes in agony.
Aim: a worm (moderately wounded, chance to defeat MR: 73%)
The worm writhes in agony.
You don't have enough magic to cast that spell.
The worm closely misses you.
You hit the worm. You hit the worm. The worm barely misses you.
You barely miss the worm. The worm bites you!
* * * LOW HITPOINT WARNING * * *
Aim: a worm (heavily wounded, chance to defeat MR: 73%)
The worm writhes in agony.
You puncture the worm! The worm bites you!
You die...

### #>. #.# ####.# ..#.#
#########.#.##########
.#.....[.#.#..........#####
.........w@................
.#....##.......######.####.
..... +.......# #.# #. .##.
#.......# #.# #. #
#.......# #.# #. ####
#.......# #.# #. ...#
##+#....# #.# #. ÷#.#
#....# #.# #. .#.# #.# #.


You could see a worm.

Vanquished Creatures
  2 adders (D:2)
  2 oozes (D:1)
  A worm (D:2)
  A dart slug (D:2)
  A giant cockroach (D:2)
  4 goblins
  A hobgoblin (D:2)
  A quokka (D:2)
  2 bats
  A kobold (D:2)
  2 rats (D:1)
18 creatures vanquished.

Vanquished Creatures (others)
  A bat (D:2)
  A kobold (D:2)
2 creatures vanquished.

Grand Total: 20 creatures vanquished

Notes
Turn   | Place    | Note
-------+----------+-------------------------------------------
     0 | D:1      | MalarOregon the Ghoul Necromancer began the quest for the
                  | Orb.
     0 | D:1      | Reached XP level 1. HP: 14/14 MP: 2/2
   345 | D:1      | Reached XP level 2. HP: 15/20 MP: 0/4
   573 | D:2      | Reached XP level 3. HP: 11/26 MP: 1/5
   791 | D:2      | Slain by a worm

Skill      XL: |  1 |
---------------+----+-----
Spellcasting   | 2 |  2.6
Dodging        | |  1.7
Stealth        | |  2.1
Necromancy     | |  4.6

Action                   || total
-------------------------++-------
Melee: Unarmed           ||     6
       Short sword       ||    32
 Cast: Pain              ||    31
  Eat: Chunk             ||     5
Armor: Robe              ||     4
Dodge: Dodged            ||    29
